 Dungeon Crawl Stone Soup version 0.20.0-15-g7f486f2 (webtiles) character file.

16355 Mesmaeker13 the Protected (level 12, -6/112 HPs)
             Began as a Minotaur Gladiator on June 10, 2017.
             Was a High Priest of the Shining One.
             Mangled by Snorg (10 damage)
             ... on level 11 of the Dungeon.
             The game lasted 00:32:44 (11903 turns).

Mesmaeker13 the Protected (Minotaur Gladiator)     Turns: 11903, Time: 00:32:46

Health: -6/112     AC: 22    Str: 19    XL:     12   Next: 9%
Magic:  11/13      EV:  8    Int:  7    God:    the Shining One [*****.]
Gold:   657        SH: 13    Dex: 15    Spells: 11/11 levels left

rFire    . . .     SeeInvis .   W - +8 executioner's axe of Ceregg {chop, rElec rC+}
rCold    + + .     Gourm    .   (shield currently unavailable)
rNeg     + + .     Faith    .   L - +0 plate armour
rPois    .         Spirit   .   c - +0 hat
rElec    +         Reflect  +   w - scarf {cloud immunity}
rCorr    .         Harm     .   (no gloves)
MR       .....                  l - +1 pair of boots
Stlth    ..........             T - +6 amulet of reflection
Regen    0.3/turn               V - +4 ring of protection
MPRegen  0.2/turn               N - ring of protection from cold

@: divine shield, glowing, studying 2 skills
A: retaliatory headbutt, horns 2
a: Divine Shield, Cleansing Flame, Summon Divine Warrior, Renounce Religion


You were on level 11 of the Dungeon.
You worshipped the Shining One.
The Shining One was extremely pleased with you.
You were hungry.

You visited 2 branches of the dungeon, and saw 12 of its levels.
You also visited: Labyrinth, Sewer and Bailey.

You collected 657 gold pieces.

Inventory:

Hand Weapons
 U - the +12 dagger "Liaxzeuf" {pierce, rPois rC+ rN+}
   (You found it on level 9 of the Dungeon)

   It inflicts extra damage upon your enemies.
   It protects you from cold.
   It protects you from poison.
   It protects you from negative energy.
 W - the +8 executioner's axe of Ceregg (weapon) {chop, rElec rC+}
   (You found it in a bailey)

   It inflicts extra damage upon your enemies.
   It protects you from cold.
   It insulates you from electricity.
Missiles
 o - a tomahawk of dispersal (quivered)
 p - 9 tomahawks
Armour
 c - a +0 hat (worn)
 l - a +1 pair of boots (worn)
 w - a scarf of cloud immunity (worn)
 y - the +1 buckler of Creativity {rPois Regen+ Int+4 Dex+2, unknown}
   (You found it in a labyrinth)

   It affects your intelligence (+4).
   It affects your dexterity (+2).
   It protects you from poison.
   It increases your rate of regeneration.
 L - a +0 plate armour (worn)
Jewellery
 N - a ring of protection from cold (right hand)
 S - an uncursed ring of protection from cold
 T - a +6 amulet of reflection (around neck)
 V - a +4 ring of protection (left hand)
Wands
 Q - a wand of paralysis (11/24)
 R - a wand of iceblast (6/15)
 Y - a wand of iceblast (11/15)
 Z - a wand of lightning (9/15)
Scrolls
 b - 2 scrolls of random uselessness {unknown}
 e - 4 scrolls of blinking
 h - 6 scrolls of amnesia
 j - 7 scrolls of enchant armour
 k - 3 scrolls of teleportation {unknown}
 s - 2 scrolls of magic mapping {unknown}
 z - a scroll of fear {unknown}
 A - 3 scrolls of recharging {unknown}
 B - 3 scrolls of remove curse
 C - a scroll of torment {unknown}
 E - a scroll of vulnerability {unknown}
 G - 2 scrolls of fog
 M - 4 scrolls of immolation
Potions
 m - a potion of curing
 t - 2 potions of resistance {unknown}
 u - a potion of flight
 v - 2 potions of brilliance {unknown}
 F - a potion of heal wounds {unknown}
 H - a potion of agility
 I - 2 potions of might
 J - a potion of mutation {unknown}
 P - a potion of haste {unknown}
 X - a potion of magic {unknown}
Books
 a - a book of Clouds

   Spells                             Type                      Level
   a - Poisonous Vapours              Poison/Air                   2
   b - Mephitic Cloud                 Conjuration/Poison/Air       3
   c - Conjure Flame                  Conjuration/Fire             3
   d - Freezing Cloud                 Conjuration/Ice/Air          6
   e - Ring of Flames                 Charms/Fire                  7
 d - a book of Minor Magic

   Spells                             Type                      Level
   a - Magic Dart                     Conjuration                  1
   b - Blink                          Translocation                2
   c - Call Imp                       Summoning                    2
   d - Slow                           Hexes                        2
   e - Conjure Flame                  Conjuration/Fire             3
   f - Mephitic Cloud                 Conjuration/Poison/Air       3
 i - a manual of Staves
 D - a book of Air

   Spells                             Type                      Level
   a - Shock                          Conjuration/Air              1
   b - Swiftness                      Charms/Air                   2
   c - Static Discharge               Conjuration/Air              3
   d - Airstrike                      Air                          4
   e - Lightning Bolt                 Conjuration/Air              5
 K - a manual of
Armour
 O - a book of Minor Magic

   Spells                             Type                      Level
   a - Magic Dart                     Conjuration                  1
   b - Blink                          Translocation                2
   c - Call Imp                       Summoning                    2
   d - Slow                           Hexes                        2
   e - Conjure Flame                  Conjuration/Fire             3
   f - Mephitic Cloud                 Conjuration/Poison/Air       3
Comestibles
 f - 6 bread rations
 g - 7 meat rations
 n - 13 royal jellies
 q - a chunk of flesh
 x - 26 fruits


   Skills:
 + Level 12.0 Fighting
   Level 12.0 Long Blades
 + Level 3.4 Axes
 - Level 2.0 Throwing
 + Level 12.8 Armour
 - Level 3.2 Dodging
 - Level 10.0 Shields
 + Level 3.6 Invocations


You had 11 spell levels left.
You didn't know any spells.

Dungeon Overview and Level Annotations

Branches:
Dungeon (11/15)            Temple (1/1) D:5            Lair (0/6) D:10
    Orc (0/2) D:9

Altars:
Ashenzari
Cheibriados
Dithmenos
Elyvilon
Fedhas
Gozag
Hepliaklqana
Kikubaaqudgha
Makhleb
Nemelex Xobeh
Okawaru
Qazlal
Ru
Sif Muna
Trog
Uskayaw
Vehumet
Xom
Yredelemnul
Zin
The Shining One

Shops:
D:5 (

Annotations:
D:11 Fannar, Snorg


Innate Abilities, Weirdness & Mutations

You reflexively headbutt those who attack you in melee.
You have a pair of horns on your head.


Message History

Snorg bites you! You block Snorg's attack. x2
You are feeling hungry.
Snorg bites you but does no damage. Snorg claws you! You block Snorg's attack.
Snorg rages.
Snorg bites you!!
* * * LOW HITPOINT WARNING * * *
You block Snorg's attack. Snorg claws you but does no damage.
You feel magically purged.
You block Snorg's attack. x2; Snorg claws you!
* * * LOW HITPOINT WARNING * * *
Snorg bites you but does no damage. Snorg claws you.
* * * LOW HITPOINT WARNING * * *
Snorg claws you but does no damage.
Unknown command.
You feel better.
The two-headed ogre hits you with a giant club!
* * * LOW HITPOINT WARNING * * *
The two-headed ogre hits you with a giant spiked club.
* * * LOW HITPOINT WARNING * * *
You block Snorg's attack. Snorg claws you!
You die...

##Y!÷e.#
#######e#####
#...........#
+.......T...#
#...........#
#........Y..#
#........Y..#
#.......OT..#
#........@..#
#...........#
#.......)...#
##########'## ###.#
######...# ######
#......### >....#
##'########
.....####.........#


You could see Snorg (berserk), Fannar, a two-headed ogre, a troll and 2 ice
beasts.

Vanquished Creatures
  A minotaur (Lab)
  2 two-headed ogres
  An orc knight (Bailey)
  An ugly thing (D:11)
  Joseph (D:9)
  4 gargoyles (Lab)
  2 kobold demonologists (D:7)
  Grinder (D:3)
  3 slime creatures (D:10)
  4 hornets
  8 yaks
  A wraith (D:10)
  Eustachio (D:6)
  3 hungry ghosts (D:9)
  A soldier ant (D:8)
  A porcupine (D:10)
  14 orc warriors
  A water moccasin (D:9)
  2 ice beasts
  2 sky beasts
  A phantom (D:9)
  5 black bears
  3 centaurs
  2 necrophages
  3 ogres
  3 big kobolds
  3 crocodiles
  8 bullfrogs
  An earth elemental (Lab)
  5 scorpions
  11 wights
  11 killer bees
  2 howler monkeys (D:10)
  A troll skeleton (Lab)
  5 crimson imps
  2 centaur zombies (D:9)
  4 hounds
  A gnoll shaman (D:9)
  9 orc priests
  A jelly (D:7)
  A bullfrog skeleton (D:5)
  A centaur skeleton (D:8)
  2 iguanas
  Terence (D:2)
  Natasha (thrice) (D:3)
  12 orc wizards
  3 worker ants
  A killer bee zombie (D:8)
  6 ogre zombies (D:9)
  A hound skeleton (D:10)
  A worker ant zombie (D:10)
  14 gnolls
  17 adders
  A river rat (D:3)
  3 shadow imps
  10 oozes
  An adder zombie (D:4)
  An adder skeleton (D:6)
  5 worms
  3 dart slugs
  21 leopard geckos
  44 orcs
  11 ball pythons
  16 giant cockroaches
  14 goblins
  6 hobgoblins
  9 jackals
  4 quokkas
  7 bats
  8 frilled lizards
  2 hobgoblin skeletons (D:9)
  3 hobgoblin zombies (D:9)
  8 kobolds
  A leopard gecko zombie (D:8)
  2 orc skeletons (D:9)
  12 orc zombies (D:9)
  2 quokka skeletons
  8 rats
400 creatures vanquished.

Vanquished Creatures (others)
  3 orc warriors (Bailey)
  5 orcs (Bailey)
  A kobold (D:9)
  2 fungi (D:10)
11 creatures vanquished.

Grand Total: 411 creatures vanquished

Notes
Turn   | Place    | Note
-------+----------+-------------------------------------------
     0 | D:1      | Mesmaeker13 the Minotaur Gladiator began the quest for the Orb.
     0 | D:1      | Reached XP level 1. HP: 18/18 MP: 0/0
   175 | D:1      | Reached skill level 1 in Armour
   198 | D:1      | Reached XP level 2. HP: 25/25 MP: 1/1
   664 | D:1      | Reached XP level 3. HP: 24/31 MP: 2/2
  1064 | D:2      | Noticed Terence
  1082 | D:2      | Killed Terence
  1082 | D:2      | Reached skill level 1 in Shields
  1082 | D:2      | Reached XP level 4. HP: 11/40 MP: 3/3
  1743 | D:3      | Found a glowing drain.
  1767 | Sewer    | Entered a sewer
  1852 | Sewer    | Reached XP level 5. HP: 46/46 MP: 4/4
  1901 | Sewer    | Reached skill level 5 in Long Blades
  2060 | Sewer    | Reached XP level 6. HP: 33/53 MP: 5/5
  2129 | D:3      | Noticed Natasha
  2142 | D:3      | Killed Natasha
  2366 | D:3      | Noticed Grinder
  2375 | D:3      | Killed Grinder
  2375 | D:3      | Reached skill level 5 in Fighting
  2375 | D:3      | Reached XP level 7. HP: 61/61 MP: 6/6
  2521 | D:3      | Reached skill level 5 in Armour
  2646 | D:3      | Noticed Natasha
  2651 | D:3      | Killed Natasha
  2686 | D:3      | Noticed Natasha
  2692 | D:3      | Killed Natasha
  3129 | D:4      | Reached XP level 8. HP: 40/70 MP: 7/7
  3516 | D:5      | Entered Level 5 of the Dungeon
  3516 | D:5      | Found Ducid's Weapon Shop.
  3686 | D:5      | Found a staircase to the Ecumenical Temple.
  3733 | Temple   | Entered the Ecumenical Temple
  3741 | Temple   | Became a worshipper of the Shining One
  3881 | D:5      | Reached skill level 5 in Shields
  4245 | D:6      | Noticed Eustachio
  4259 | D:6      | Killed Eustachio
  4531 | D:6      | Got a dazzling scale mail
  4542 | D:6      | Identified the +1 scale mail of Demylo {+Inv rElec rPois rC+} (You found it on level 6 of the Dungeon)
  4986 | D:7      | Noticed a kobold demonologist
  4987 | D:7      | Reached XP level 9. HP: 76/79 MP: 8/8
  4991 | D:7      | Noticed a kobold demonologist
  4997 | D:7      | Killed a kobold demonologist
  5005 | D:7      | Killed a kobold demonologist
  5189 | D:7      | Reached * piety under the Shining One
  5829 | D:8      | You fall through a shaft!
  5846 | D:9      | Noticed a two-headed ogre
  5858 | D:9      | Killed a two-headed ogre
  6103 | D:9      | Reached XP level 10. HP: 90/90 MP: 9/9
  6249 | D:8      | Noticed a two-headed ogre
  6254 | D:8      | Reached ** piety under the Shining One
  6272 | D:8      | Killed a two-headed ogre
  6276 | D:8      | Reached skill level 10 in Long Blades
  7531 | D:9      | Found a staircase to the Orcish Mines.
  7562 | D:9      | Reached *** piety under the Shining One
  7587 | D:9      | Reached skill level 10 in Fighting
  7587 | D:9      | Reached skill level 10 in Armour
  7840 | D:9      | Reached **** piety under the Shining One
  7921 | D:9      | Got a shimmering dagger
  7922 | D:9      | Identified the +12 dagger "Liaxzeuf" {pierce, rPois rC+ rN+} (You found it on level 9 of the Dungeon)
  8042 | D:9      | Reached XP level 11. HP: 92/98 MP: 10/10
  8080 | D:9      | Noticed Joseph
  8091 | D:9      | Killed Joseph
  8361 | D:9      | Reached ***** piety under the Shining One
  8372 | D:9      | Reached skill level 10 in Shields
  8466 | D:10     | Entered Level 10 of the Dungeon
  8645 | D:10     | Found a staircase to the Lair.
  8763 | D:10     | Found a flagged portal.
  8784 | Bailey   | Entered a bailey
  9914 | Bailey   | Noticed an orc knight
  9925 | Bailey   | Reached skill level 1 in Invocations
  9940 | Bailey   | Killed an orc knight
 10172 | Bailey   | Got a polished executioner's axe
 10183 | D:10     | Identified the +8 executioner's axe of Ceregg {chop, rElec rC+} (You found it in a bailey)
 10252 | D:10     | Reached skill level 1 in Axes
 10853 | D:11     | Noticed a purple ugly thing
 10860 | D:11     | Killed a purple ugly thing
 10883 | D:11     | Found a labyrinth entrance.
 10927 | Lab      | Entered a labyrinth
 11226 | Lab      | Reached XP level 12. HP: 87/110 MP: 13/13
 11767 | Lab      | Noticed a minotaur
 11773 | Lab      | Killed a minotaur
 11806 | Lab      | Got a distressingly furry buckler
 11882 | D:11     | Noticed Fannar
 11882 | D:11     | Noticed a two-headed ogre
 11883 | D:11     | Noticed Snorg
 11903 | D:11     | HP: 4/112 [two-headed ogre/giant club (5)]
 11903 | D:11     | Mangled by Snorg

Skill      XL: |  1  2  3  4  5  6  7  8  9 10 11 12 |
---------------+-------------------------------------+-----
Armour         | 1 2 3 4 5 7 8 10 12 | 12.8
Fighting       | 3 4 5 7 9 10 11 12 | 12.0
Long Blades    | 4 5 6 8 9 11 12 | 12.0
Shields        | 1 2 3 4 5 7 9 10 | 10.0
Invocations    | 3 |  3.6
Axes           | 2 3 |  3.4
Throwing       | |  2.0
Dodging        | |  3.2

Action                   |  1- 3 |  4- 6 |  7- 9 | 10-12 || total
-------------------------+-------+-------+-------+-------++-------
Melee: Long sword        |    59 |       |    13 |   105 ||   177
       Headbutt          |    10 |    24 |    73 |   129 ||   236
       Short sword       |       |   174 |   334 |   178 ||   686
       Dagger            |       |       |       |   105 ||   105
       Great sword       |       |       |       |   105 ||   105
       Executioner's axe |       |       |       |    60 ||    60
Throw: Throwing net      |     3 |     1 |     1 |       ||     5
       Tomahawk          |       |       |     1 |     2 ||     3
Invok: Divine Shield     |       |       |       |     3 ||     3
Evoke: Wand              |       |       |     1 |     3 ||     4
  Use: Potion            |     2 |     3 |       |     5 ||    10
       Scroll            |       |     2 |     5 |     5 ||    12
  Eat: Chunk             |     1 |     4 |    12 |    17 ||    34
       Fruit             |       |       |       |     7 ||     7
       Royal jelly       |       |       |       |     1 ||     1
Armor: Leather armour    |    17 |       |       |       ||    17
       Scale mail        |       |   103 |    48 |       ||   151
       Plate armour      |       |       |   121 |   236 ||   357
Dodge: Dodged            |    38 |   112 |   122 |   127 ||   399
Block: Buckler           |     2 |    38 |    30 |       ||    70
       Shield            |       |       |    98 |   235 ||   333
       Reflection        |       |       |       |    26 ||    26
       Other             |       |       |       |    90 ||    90
       Rpst.: Long sword |    13 |       |       |     1 ||    14
       Great sword       |       |       |       |     9 ||     9
